 Dungeon Crawl Stone Soup version 0.17-a0-1646-geb1493d (webtiles) character file.

6735 Nakatomy the Thaumaturge (level 10, 0/55 (56) HPs)
             Began as a High Elf Fire Elementalist on Aug 11, 2015.
             Was a High Priest of Sif Muna.
             Slain by a yak (15 damage)
             ... on level 8 of the Dungeon.
             The game lasted 01:09:46 (13746 turns).

Nakatomy the Thaumaturge (HEFE)                    Turns: 13746, Time: 01:09:46

HP:   0/55 (56)     AC:  7    Str:  7    XL:     10   Next: 75%
MP:   18/25         EV: 16    Int: 21    God:    Sif Muna [*****.]
Gold: 368           SH:  0    Dex: 18    Spells: 4 memorised, 16 levels left

rFire  . . .     SeeInvis .     x - +2 dagger (protect)
rCold  . . .     Clarity  .     A - +0 robe (curse)
rNeg   . . .     SustAt   .     (no shield)
rPois  .         Gourm    .     (no helmet)
rElec  .         Spirit   .     (no cloak)
rCorr  .         Warding  .     (no gloves)
rMut   .         Stasis   .     (no boots)
MR     +....                    (no amulet)
Stlth  ++........               (no ring)
                                (no ring)

@: somewhat resistant to hostile enchantments, unstealthy
A: no striking features
a: Channel Energy, Forget Spell, Renounce Religion


You were on level 8 of the Dungeon.
You worshipped Sif Muna.
Sif Muna was extremely pleased with you.
You were not hungry.

You visited 2 branches of the dungeon, and saw 10 of its levels.

You collected 368 gold pieces.

Inventory:

Hand weapons
 l - a +3 short sword of venom
 u - a +2 hand axe of electrocution
 x - a +2 dagger of protection (weapon)
Armour
 k - a +0 robe
 w - a +1 robe
 y - a +0 robe
 z - a +0 robe
 A - a cursed +0 robe (worn)
 B - a +0 robe
 I - a +0 robe
 L - a +0 robe
Magical devices
 D - a wand of fireball (6)
Scrolls
 a - 2 scrolls of noise
 e - 8 scrolls of identify
 j - 3 scrolls of teleportation
 n - 2 scrolls of immolation
 r - a scroll of fog
 F - 2 scrolls of fear
 G - a scroll of magic mapping
Potions
 d - a potion of magic {unknown}
 h - 3 potions of brilliance {unknown}
 m - 2 potions of lignification {unknown}
 o - a potion of mutation {unknown}
 p - 4 potions of curing
 q - 3 potions of flight {unknown}
 s - 3 potions of agility {unknown}
 t - a potion of heal wounds {unknown}
 v - a potion of degeneration {unknown}
 C - a potion of cancellation {unknown}
 H - 2 potions of haste {unknown}
 J - 2 potions of resistance {unknown}
Books
 b - a book of Flames

   Spells                             Type                      Level
   a - Flame Tongue                   Conjuration/Fire             1
   b - Throw Flame                    Conjuration/Fire             2
   c - Conjure Flame                  Conjuration/Fire             3
   d - Inner Flame                    Hexes/Fire                   3
   e - Sticky Flame                   Conjuration/Fire             4
   f - Fireball                       Conjuration/Fire             5
 E - a book of Hinderance

   Spells                             Type                      Level
   a - Confusing Touch                Hexes                        2
   b - Confuse                        Hexes                        3
   c - Gell's Gravitas                Hexes/Translocation          3
   d - Petrify                        Transmutation/Earth          4
   e - Metabolic Englaciation         Hexes/Ice                    5
Comestibles
 c - 3 bread rations
 f - 2 beef jerkies
 g - 8 meat rations
 i - 5 fruits
 K - 2 chunks of flesh


   Skills:
 + Level 5.4 Dodging
 - Level 2.1 Stealth
 - Level 10.4 Spellcasting
 + Level 9.3 Conjurations
 + Level 10.1 Fire Magic


You had 16 spell levels left.
You knew the following spells:

 Your Spells              Type           Power        Failure   Level  Hunger
a - Flame Tongue          Conj/Fire      #####        1%          1    None
b - Conjure Flame         Conj/Fire      ######..     1%          3    None
c - Sticky Flame          Conj/Fire      ######..     1%          4    ##.....
d - Fireball              Conj/Fire      ######....   3%          5    ####...


Dungeon Overview and Level Annotations

Branches:
Dungeon (9/15)             Temple (1/1) D:4
   Lair: D:8-11         Orc: D:9-12

Altars:
Ashenzari
Cheibriados
Dithmenos
Fedhas
Gozag
Kikubaaqudgha
Makhleb
Nemelex Xobeh
Okawaru
Qazlal
Ru
Sif Muna
Trog
Vehumet
Xom
Yredelemnul
Zin
The Shining One

Annotations:
D:8 trantor's ghost, experienced HESk


Message History

Aim: a giant frog (heavily wounded, covered in liquid flames)
Okay, then.
Unknown command.
Unknown command.
The yak burns!
The giant frog burns!
The orc misses you. The yak gores you!! The giant frog hits you!
* * * LOW HITPOINT WARNING * * *
Things that are here:
a robe; a dagger of venom The yak burns!
The giant frog burns!
The orc closely misses you.
The yak burns!
The giant frog burns!
You kill the giant frog!
The yak burns!
The yak burns!
Wield which item (- for none, * to show all)? (? for menu, Esc to quit)
Your +3 short sword of venom stops dripping with poison.
You feel protected!
x - a +2 dagger of protection (weapon)
The yak burns!
The yak stops burning.
The yak gores you!
You die...

#.# #.# #.
#.######.###### #.
#.........)...# #.
#.#####.>##.#.# #.
#.#
#.[##.#.##########.
#.#
###[.##.#............
#.#
#..o.##........<.)#.#
#########.#
#.#Y#############.._.
..........# #.#.@#
###.# ###########
#.##.## #.# #
#.#.#.## #.. #
###..###.####### ###
# #...## ##......# #
# #.##.###.###.#.# #
# #.###.#.## #.#.# ##
# #.# ##.## #.#.# #.
# #.# #.# #.#.# #.


You could see a yak and an orc.

Vanquished Creatures
  Erolcha (D:8)
  A queen ant (D:8)
  A two-headed ogre (D:6)
  Grum (D:8)
  2 wolves (D:8)
  5 soldier ants (D:8)
  3 ice beasts
  2 necrophages
  3 orc warriors
  3 phantoms
  4 ogres
  2 centaurs
  4 giant frogs
  The ghost of Malak the Caller, an average DESu (D:3)
  A wyvern skeleton (D:8)
  2 scorpions
  4 wights (D:6)
  4 killer bees (D:8)
  3 crimson imps
  2 giant frog skeletons (D:6)
  A centaur zombie (D:5)
  8 orc priests
  17 orc wizards
  A hound (D:8)
  2 jellies
  24 worker ants
  A killer bee zombie (D:5)
  2 hound zombies
  2 hound skeletons
  8 gnolls
  15 adders
  A shadow imp (D:5)
  2 oozes (D:2)
  An adder zombie (D:8)
  3 worms
  An adder skeleton (D:5)
  5 giant geckos
  37 orcs
  A ball python (D:1)
  4 bats
  3 giant cockroaches
  6 goblins
  6 hobgoblins
  A giant gecko zombie (D:5)
  4 giant newts
  11 jackals
  A jackal skeleton (D:5)
  A jackal zombie (D:6)
  9 kobolds
  5 quokkas
  2 quokka zombies
  8 rats
242 creatures vanquished.

Vanquished Creatures (others)
  A quokka (D:9)
1 creature vanquished.

Grand Total: 243 creatures vanquished

Notes
Turn   | Place    | Note
--------------------------------------------------------------
     0 | D:1      | Nakatomy the High Elf Fire Elementalist began the quest for the Orb.
     0 | D:1      | Reached XP level 1. HP: 11/11 MP: 4/4
   427 | D:1      | Reached XP level 2. HP: 17/17 MP: 2/6
   924 | D:1      | Reached XP level 3. HP: 21/21 MP: 6/8
  1040 | D:2      | Learned a level 3 spell: Conjure Flame
  1186 | D:2      | Reached XP level 4. HP: 27/27 MP: 7/10
  1192 | D:2      | Learned a level 4 spell: Sticky Flame
  1673 | D:2      | Reached skill level 4 in Fire Magic
  2470 | D:3      | Reached XP level 5. HP: 29/31 MP: 3/11
  2603 | D:3      | Found a sacrificial altar of Ru.
  2631 | D:3      | Noticed Malak's ghost (average DESu)
  2643 | D:3      | Killed Malak's ghost
  3438 | D:4      | Reached XP level 6. HP: 36/36 MP: 6/13
  3982 | D:4      | Reached skill level 5 in Fire Magic
  4524 | D:4      | Learned a level 5 spell: Fireball
  4593 | D:4      | Reached skill level 5 in Spellcasting
  4684 | D:4      | Reached XP level 7. HP: 41/41 MP: 9/15
  4771 | D:4      | Found a staircase to the Ecumenical Temple.
  4797 | Temple   | Entered the Ecumenical Temple
  5060 | Temple   | Became a worshipper of Sif Muna the Loreminder
  5139 | D:4      | Reached skill level 5 in Conjurations
  5450 | D:5      | Entered Level 5 of the Dungeon
  5904 | D:5      | Reached skill level 6 in Spellcasting
  6499 | D:5      | Acquired Sif Muna's first power
  6524 | D:5      | Reached XP level 8. HP: 46/46 MP: 15/18
  6530 | D:5      | Found a basalt altar of Yredelemnul.
  6804 | D:5      | Found a shattered altar of Ashenzari.
  6807 | D:5      | Found an opulent altar of Gozag.
  7233 | D:5      | Reached skill level 7 in Spellcasting
  7449 | D:5      | Acquired Sif Muna's second power
  7851 | D:6      | Found a shimmering altar of Xom.
  7852 | D:6      | Found a burning altar of Makhleb.
  8119 | D:6      | Noticed a two-headed ogre
  8133 | D:6      | Killed a two-headed ogre
  8133 | D:6      | Reached XP level 9. HP: 31/51 MP: 6/21
  8659 | D:6      | Reached skill level 8 in Spellcasting
 10057 | D:8      | Found a glowing silver altar of Zin.
 10064 | D:8      | Noticed Grum
 10070 | D:8      | Killed Grum
 10395 | D:8      | Found a stormy altar of Qazlal.
 10420 | D:8      | Acquired Sif Muna's third power
 10423 | D:8      | Noticed Erolcha
 10430 | D:8      | Reached skill level 9 in Spellcasting
 10961 | D:8      | Noticed trantor's ghost (experienced HESk)
 11444 | D:8      | Reached XP level 10. HP: 35/56 MP: 9/24
 11919 | D:8      | Noticed a queen ant
 12118 | D:8      | Paralysed by Erolcha for 5 turns
 12643 | D:8      | Killed a queen ant
 12643 | D:8      | Reached skill level 10 in Spellcasting
 13067 | D:8      | Killed Erolcha
 13331 | D:8      | Reached skill level 5 in Dodging
 13331 | D:8      | Reached skill level 10 in Fire Magic
 13746 | D:8      | Slain by a yak

Vault maps used:
D:1:      mrwooster_arrival_statue
D:2:      kennysheep_crisscross
D:3:      hex_medium, kennysheep_doodads, nicolae_ru_sacrificial_ziggurat
D:4:      minmay_temple_entry_mist, first_bread
D:5:      nicolae_overflow_hidden_temple, basic_altar
D:6:      grunt_temple_overflow_champion_of_chaos
D:7:      serial_co_window_serial, co_window_of_opportunity_a,
          co_window_paths_a, co_window_paths_b, co_window_corner_a,
          co_window_corner_a, co_window_unsneaky_path_e, co_window_paths_c,
          co_window_unsneaky_path_e, co_window_corner_cb, co_window_2corner,
          co_window_corner_b, co_window_paths_e, glass_columns_c
D:8:      lemuel_crystal_altar, nicolae_qazlal_general_emergency,
          enter_bailey_3, zaba_antful_of_joy, uniq_grum, uniq_erolcha
D:9:      elyvilon_altar_4, uniq_erica
Temple:   triangle_lava_temple_11

Action                   |  1- 3 |  4- 6 |  7- 9 | 10-12 || total
-------------------------+-------+-------+-------+-------++-------
Melee: Unarmed           |     1 |       |       |       ||     1
       Club              |     6 |       |       |       ||     6
       Short sword       |       |     2 |    15 |     9 ||    26
       Hand axe          |       |       |    11 |       ||    11
       Dagger            |       |       |       |     6 ||     6
 Cast: Flame Tongue      |    42 |   135 |   207 |    92 ||   476
       Conjure Flame     |       |     4 |     6 |    15 ||    25
       Sticky Flame      |       |     6 |    41 |    26 ||    73
       Fireball          |       |       |     7 |     6 ||    13
Invok: Channel Energy    |       |       |       |     1 ||     1
  Use: Scroll            |       |       |    13 |     1 ||    14
  Eat: Chunk             |     1 |    12 |    14 |     5 ||    32
       Fruit             |       |       |     6 |       ||     6
       Bread ration      |       |       |     1 |     1 ||     2
       Beef jerky        |       |       |     1 |     1 ||     2
